 Dungeon Crawl Stone Soup version 0.22.1-2-g9c5b331383 (webtiles) character file.

32 Descartes the Insei (level 3, -1/17 HPs)
             Began as a Vine Stalker Transmuter on Dec 27, 2018.
             Slain by an orc
             ... wielding a +0 club
              (2 damage)
             ... on level 2 of the Dungeon.
             The game lasted 00:02:41 (836 turns).

Descartes the Insei (Vine Stalker Transmuter)        Turns: 836, Time: 00:02:41

Health: -1/17      AC:  3    Str: 16    XL:     3   Next: 27%
Magic:  0/7        EV: 12    Int: 14    God:
Gold:   114        SH:  0    Dex: 14    Spells: 3/6 levels left

rFire    . . .     SeeInvis .     - Unarmed
rCold    . . .     Gourm    .   (no shield)
rNeg     . . .     Faith    .   e - +0 leather armour
rPois    .         Spirit   +   (no helmet)
rElec    .         Reflect  .   (no cloak)
rCorr    .         Harm     .   (no gloves)
MR       .....                  (boots currently unavailable)
Stlth    +.........             (no amulet)
HPRegen  0.05/turn              b - +4 ring of strength
MPRegen  0.10/turn              (no ring)

@: lethally poisoned (-1 -> -10), appendage (expiring)
A: fangs 2, talons 3, magic shield, antimagic bite, no potion heal 3, rot
immunity
a: End Transformation


You were on level 2 of the Dungeon.
You were not hungry.
You had grown temporary talons.
You visited 1 branch of the dungeon, and saw 2 of its levels.

You collected 114 gold pieces.

Inventory:

Missiles
 a - 27 arrows
 g - 14 stones (quivered)
 i - 27 bolts
Armour
 e - a +0 leather armour (worn)
Jewellery
 b - a +4 ring of strength (left hand)
Scrolls
 c - 2 scrolls of identify {unknown}
 f - 2 scrolls of teleportation {unknown}
Potions
 h - a potion of lignification {unknown}
Comestibles
 d - 5 rations


   Skills:
 - Level 0.8 Fighting
 + Level 2.0 Dodging
 * Level 3.7 Unarmed Combat
 - Level 2.1 Spellcasting
 + Level 2.4 Transmutations


You had 3 spell levels left.
You knew the following spells:

 Your Spells              Type           Power        Failure   Level  Hunger
a - Beastly Appendage     Tmut           #.....       11%         1    #......
b - Sticks to Snakes      Tmut           #.......     16%         2    ###....

Your spell library contained the following spells:

 Spells                   Type           Power        Failure   Level  Hunger
 Spider Form              Tmut/Pois      #.........   45%         3    ###....
 Ice Form                 Ice/Tmut       #.......     86%         4    #####..
 Blade Hands              Tmut           #.........   96%         5    ######.


Dungeon Overview and Level Annotations

Branches:
Dungeon (2/15)

Altars:


Innate Abilities, Weirdness & Mutations

You have extremely sharp teeth.
When hurt, damage is shared between your health and your magic reserves.
Your bite disrupts and absorbs the magic of your enemies.
Potions cannot restore your health.
You are immune to rotting.
You have claws for feet.


Message History

The adder is severely wounded.
You feel sick. The adder bites you.
You are lethally poisoned!
The adder poisons you!
You hit the adder but do no damage. You claw the adder.
You kill the adder!
Your Dodging skill increases to level 2!
You feel sick.
You hit the orc. You bite the orc, but do no damage.
The orc is moderately wounded.
You feel sick. The orc barely misses you.
You hit the orc but do no damage. You bite the orc, but do no damage.
The orc is moderately wounded.
The orc hits you with a club.
* * * LOW HITPOINT WARNING * * *
You barely miss the orc. You claw the orc. You bite the orc, but do no damage.
The orc is almost dead.
* * * LOW HITPOINT WARNING * * *
You feel sick. The orc hits you with a club.
You die...

...
#.#########.
#.).........
##.######...
#.#<.......
#....##..l<
#.....#.# .
#.....#.#
#.#...#@#
#.#..##o#
#.....oo# .
..####..###
.. ........#
...
.#####..##
.... #...#
.....
#.#.##......
#.#oo.......


You could see 3 orcs.

Vanquished Creatures
  An adder (D:2)
  An orc (D:2)
  3 giant cockroaches (D:1)
  3 goblins (D:1)
  4 jackals (D:1)
  A ball python (D:2)
  3 bats (D:1)
  A frilled lizard (D:2)
  3 kobolds
  2 rats (D:1)
22 creatures vanquished.

Notes
Turn   | Place    | Note
-------+----------+-------------------------------------------
     0 | D:1      | Descartes the Vine Stalker Transmuter began the quest for
                  | the Orb.
     0 | D:1      | Reached XP level 1. HP: 9/9 MP: 4/4
   290 | D:1      | Reached XP level 2. HP: 14/14 MP: 6/6
   310 | D:1      | Learned a level 2 spell: Sticks to Snakes
   826 | D:2      | Reached XP level 3. HP: 14/17 MP: 4/7
   836 | D:2      | Slain by an orc

Skill      XL: |  1  2  3 |
---------------+----------+-----
Dodging        | 2 |  2.0
Fighting       | |  0.8
Unarmed Combat | |  3.7
Spellcasting   | |  2.1
Transmutations | |  2.4

Action                   || total
-------------------------++-------
Melee: Unarmed           ||    81
       Bite              ||    14
       Kick              ||     5
 Cast: Beastly Appendage ||     2
Armor: Leather armour    ||    21
       Robe              ||     1
Dodge: Dodged            ||    52
